 Dungeon Crawl Stone Soup version 0.18.1-48-g4cf74bf (webtiles) character file.

204 djnw the Digger (level 5, -2/42 HPs)
             Began as a Naga Earth Elementalist on Aug 25, 2016.
             Slain by Menkaure (17 damage)
             ... on level 4 of the Dungeon.
             The game lasted 00:23:00 (3111 turns).

djnw the Digger (Naga Earth Elementalist)           Turns: 3111, Time: 00:23:01

Health: -2/42      AC:  2    Str: 11    XL:     5   Next: 82%
Magic:  2/10       EV: 10    Int: 16    God:
Gold:   207        SH:  0    Dex: 11    Spells: 3 memorised, 3 levels left

rFire  . . .     SeeInvis +     b - 63 stones
rCold  . . .     Gourm    .     a - +0 robe
rNeg   . . .     Faith    .     (no shield)
rPois  +         Spirit   .     (no helmet)
rElec  .         Dismiss  .     (no cloak)
rCorr  .         Reflect  .     (no gloves)
SustAt .         Harm     .     (no barding)
MR     .....                    (no amulet)
Stlth  ++........               (no ring)
                                (no ring)

@: very slow, not resistant to hostile enchantments, unstealthy
A: stinger 1, see invisible, deformed body, poison resistance, slowness 2, slow
metabolism 1, spit poison 2, evolution 1, AC +1
a: Spit Poison


You were on level 4 of the Dungeon.
You were not hungry.

You visited 1 branch of the dungeon, and saw 4 of its levels.

You collected 207 gold pieces.

Inventory:

Hand Weapons
 e - a +0 quarterstaff
 p - a +0 falchion
Missiles
 b - 63 stones (in hand)
Armour
 a - a +0 robe (worn)
Wands
 l - a wand of disintegration (17/24)
Scrolls
 g - a scroll of magic mapping
 h - 7 scrolls of identify
 i - 2 scrolls of recharging
 k - 2 scrolls of remove curse
 o - a scroll of teleportation
Potions
 f - 2 potions of curing
Books
 c - a book of Geomancy

   Spells                             Type                      Level
   a - Sandblast                      Earth                        1
   b - Passwall                       Transmutation/Earth          2
   c - Stone Arrow                    Conjuration/Earth            3
   d - Petrify                        Transmutation/Earth          4
   e - Lee's Rapid Deconstruction     Earth                        5
Comestibles
 d - a bread ration
 j - a beef jerky
 m - 3 meat rations
 n - 3 chunks of flesh


   Skills:
 - Level 1.5 Dodging
 - Level 3.0 Stealth
 + Level 3.5 Spellcasting
 + Level 2.0 Conjurations
 * Level 1.8 Transmutations
 + Level 4.4 Earth Magic


You had 3 spell levels left.
You knew the following spells:

 Your Spells              Type           Power        Failure   Level  Hunger
a - Sandblast             Erth           ###...       3%          1    None
b - Stone Arrow           Conj/Erth      ##....       14%         3    ###....
c - Petrify               Trmt/Erth      ##......     50%         4    ####...


Dungeon Overview and Level Annotations

Branches:
Dungeon (4/15)
 Temple: D:4-7

Altars:
Ashenzari
Elyvilon
Makhleb
Nemelex Xobeh
Xom
Yredelemnul
The Shining One

Shops:
D:4 **(*(?

Annotations:
D:4 Menkaure


Innate Abilities, Weirdness & Mutations

You cannot wear boots.
Your serpentine skin is tough (AC +1).
You have supernaturally acute eyesight.
Armour fits poorly on your strangely shaped body.
Your system is resistant to poisons.
You cover ground very slowly.
You have a slow metabolism.
You can spit poison.
Your tail ends in a poisonous barb.
You evolve.


Message History

The rocky blast hits Menkaure.
Menkaure is heavily damaged.
Casting: Sandblast
Confirm with . or Enter, or press ? or * to list all spells.
Aiming: Sandblast
Press: ? - help, Shift-Dir - straight line, f/p - Menkaure
Aim: Menkaure (heavily damaged, fast)
The rocky blast hits Menkaure.
Menkaure is severely damaged.
Menkaure hits you!
Casting: Sandblast
Confirm with . or Enter, or press ? or * to list all spells.
Aiming: Stone Arrow
Press: ? - help, Shift-Dir - straight line, f/p - Menkaure
Aim: Menkaure (severely damaged, fast)
The stone arrow hits Menkaure.
Menkaure is almost destroyed.
Menkaure hums, "Let me perform the rites..."
Menkaure hits you!
You die...

##### ######### ##...##
#........
#.###.#####.#####..
#.#(...............
#.#.#.###..........
##...#.>..#.#####..
##.##.#.........##
######..........####.##
#...gM@.....#.<.# ##.##
#.####..##..#...###..#.
#..#...#....#.....
#...#.)#≈≈#######.
#..###.#≈## ## #.#. #
#.#. ## #.#.. #. #.


You could see Menkaure and a goblin.

Vanquished Creatures
  A hound (D:4)
  4 adders
  3 gnolls (D:3)
  3 worms
  A dart slug (D:1)
  5 giant geckos
  7 orcs (D:3)
  5 bats
  5 giant cockroaches
  7 goblins
  13 hobgoblins
  6 jackals
  9 kobolds
  4 quokkas
  2 giant newts (D:1)
  7 rats
  A toadstool (D:1)
83 creatures vanquished.

Vanquished Creatures (others)
  3 toadstools (D:1)
3 creatures vanquished.

Grand Total: 86 creatures vanquished

Notes
Turn   | Place    | Note
--------------------------------------------------------------
     0 | D:1      | djnw the Naga Earth Elementalist began the quest for the Orb.
     0 | D:1      | Reached XP level 1. HP: 15/15 MP: 3/3
    27 | D:1      | Gained mutation: Your muscles are strong. (Str +2) [potion of mutation]
    27 | D:1      | Lost mutation: Your muscles are strong. (Str +2) [potion of mutation]
    27 | D:1      | Gained mutation: You evolve. [potion of mutation]
    84 | D:1      | Reached XP level 2. HP: 22/22 MP: 0/5
   500 | D:1      | Reached XP level 3. HP: 20/28 MP: 4/6
   710 | D:2      | Learned a level 3 spell: Stone Arrow
  1114 | D:2      | Found a shattered altar of Ashenzari.
  1120 | D:2      | Found a sparkling altar of Nemelex Xobeh.
  1121 | D:2      | Found a glowing golden altar of the Shining One.
  1245 | D:2      | Reached skill level 4 in Earth Magic
  1282 | D:2      | Reached XP level 4. HP: 23/36 MP: 2/8
  1444 | D:2      | Found a shimmering altar of Xom.
  1477 | D:2      | Found a burning altar of Makhleb.
  1735 | D:3      | Reached skill level 1 in Conjurations
  1943 | D:3      | Reached XP level 5. HP: 42/42 MP: 9/9
  2065 | D:3      | Found a basalt altar of Yredelemnul.
  2164 | D:3      | Gained mutation: Your tail ends in a poisonous barb. [evolution]
  2360 | D:3      | Found a white marble altar of Elyvilon.
  2417 | D:3      | Learned a level 4 spell: Petrify
  2761 | D:4      | Found Godwex's Assorted Antiques.
  2784 | D:4      | Found Mearphemu's Magic Scroll Boutique.
  2804 | D:4      | Found Akko's Antique Weapon Emporium.
  2841 | D:4      | Found Liled's Luxury Loot.
  2896 | D:4      | Found Ovele's General Store.
  2914 | D:4      | Found Guus's Antique Weapon Shop.
  3103 | D:4      | Noticed Menkaure
  3111 | D:4      | Slain by Menkaure

Skill      XL: |  1  2  3  4  5 |
---------------+----------------+-----
Spellcasting   | 3 |  3.5
Earth Magic    | 4 |  4.4
Conjurations   | 1 2 |  2.0
Dodging        | |  1.5
Stealth        | |  3.0
Transmutations | |  1.8

Action                   |  1- 3 |  4- 6 || total
-------------------------+-------+-------++-------
Melee: Unarmed           |     4 |       ||     4
Throw: Stone             |     1 |       ||     1
 Cast: Sandblast         |    48 |    59 ||   107
       Stone Arrow       |       |     1 ||     1
 Abil: Spit Poison       |    22 |    28 ||    50
Evoke: Wand              |     1 |       ||     1
  Use: Potion            |     3 |     2 ||     5
       Scroll            |     6 |     2 ||     8
  Eat: Chunk             |     2 |     7 ||     9
Armor: Robe              |     8 |     2 ||    10
Dodge: Dodged            |    19 |    23 ||    42
